 Dungeon Crawl Stone Soup version 0.28-a0-80-g9707f7362f (webtiles) character file.

Game seed: 4549126426843406327

7241 wirefist the Carver (level 10, -10/87 HPs)
             Began as a Palentonga Berserker on Aug 4, 2021.
             Was an Elder of Trog.
             Mangled by a two-headed ogre (21 damage)
             ... on level 9 of the Dungeon.
             The game lasted 00:33:06 (9446 turns).

wirefist the Carver (Palentonga Berserker)          Turns: 9446, Time: 00:33:07

Health: -10/87     AC: 14    Str: 30    XL:     10   Next: 88%
Magic:  10/10      EV:  9    Int:  8    God:    Trog [****..]
Gold:   79         SH: 10    Dex:  9    Spells: 9/9 levels left

rFire   . . .      SeeInvis +   a - +6 long sword of Noitz {protect, *Rage rN+++ Will+ rCorr}
rCold   . . .      Faith    .   o - +0 kite shield
rNeg    + + +      Spirit   .   b - +1 animal skin
rPois   .          Reflect  .   (helmet restricted)
rElec   .          Harm     .   u - +0 cloak
rCorr   +          Rampage  .   x - +0 pair of gloves
Will    +....      Rnd*Rage +   (no barding)
Stlth   ++........              n - amulet of regeneration
HPRegen 1.24/turn               g - +6 ring of strength
MPRegen 0.12/turn               (no ring)

@: on berserk cooldown, slowed, curled up, very slow
A: large, rugged brown scales 3, see invisible, deformed body, roll 1, armoured
tail, reflexive curl, horns 1
a: Rolling Charge, Renounce Religion, Berserk, Trog's Hand, Brothers in Arms


You were on level 9 of the Dungeon.
You worshipped Trog.
Trog was greatly pleased with you.
You visited 2 branches of the dungeon, and saw 10 of its levels.
You also visited: Sewer.

You collected 397 gold pieces.
You spent 318 gold pieces at shops.

Inventory:

Hand Weapons
 a - the +6 long sword of Noitz (weapon) {protect, *Rage rN+++ Will+ rCorr}
   (You bought it in a shop on level 8 of the Dungeon)

   It grants its wielder temporary protection when it strikes (+7 to AC).
   rN:        It renders you almost immune to negative energy.
   *Rage:     It may make you go berserk in combat.
   rCorr:     It protects you from acid and corrosion.
   Will:      It increases your willpower.
 d - a +1 long sword of flaming
 t - the +6 hand axe of Crusades {vorpal, Int+3 Dex+3}
   (You found it on level 5 of the Dungeon)

   It inflicts extra damage upon your enemies.
   Int:       It affects your intelligence (+3).
   Dex:       It affects your dexterity (+3).
 w - a +0 great sword
 z - a +3 falchion of freezing
Armour
 b - a +1 animal skin (worn)
 o - a +0 kite shield (worn)
 u - a +0 cloak (worn)
 x - a +0 pair of gloves (worn)
Jewellery
 g - a +6 ring of strength (left hand)
 j - an amulet of the acrobat
 n - an amulet of regeneration (around neck)
Wands
 q - a wand of charming (8)
 s - a wand of paralysis (7)
Scrolls
 h - a scroll of magic mapping
 i - 2 scrolls of identify
 k - a scroll of summoning
 l - a scroll of blinking
 p - 2 scrolls of fog
 v - a scroll of teleportation
Potions
 c - 5 potions of curing
 e - a potion of flight
 f - a potion of heal wounds
 m - a potion of resistance
 r - a potion of mutation


   Skills:
 + Level 8.6 Fighting
 + Level 11.5 Long Blades
 + Level 1.9 Armour
 + Level 6.4 Dodging
 - Level 2.2 Stealth
 + Level 3.8 Shields


You had 9 spell levels left.
You didn't know any spells.
Your spell library contained the following spells:

 Spells                   Type           Power      Damage    Failure   Level
 Ignite Poison            Fire/Tmut/Pois 0%         N/A       98%         3
 Mephitic Cloud           Conj/Pois/Air  0%         N/A       98%         3
 Passage of Golubria      Tloc           N/A        N/A       100%        4
 Bolt of Magma            Conj/Fire/Erth 0%         4d4       100%        5
 Fireball                 Conj/Fire      0%         3d3       100%        5
 Silence                  Hex/Air        0%         N/A       100%        5
 Starburst                Conj/Fire      0%         8x6d3     100%        6
 Ignition                 Fire           0%         3d3       100%        8
 Lehudib's Crystal Spear  Conj/Erth      0%         10d2      100%        8


Dungeon Overview and Level Annotations

Branches:
Dungeon (9/15)             Temple (1/1) D:7            Lair (0/6) D:9
  Sewer (visited)
    Orc: D:9-12

Altars:
Ashenzari
Cheibriados
Dithmenos
Elyvilon
Fedhas
Gozag
Hepliaklqana
Kikubaaqudgha
Makhleb
Nemelex Xobeh
Okawaru
Qazlal
Ru
Sif Muna
Trog
Uskayaw
Vehumet
Wu Jian
Xom
Yredelemnul
Zin
The Shining One

Shops:
D:8 [:((

Annotations:
D:4 1 runed translucent door


Innate Abilities, Weirdness & Mutations

You are completely covered in rugged brown scales. (AC +3, +7% HP)
You have supernaturally acute eyesight. (SInv)
Armour fits poorly on your strangely shaped body.
You can roll at nearby foes to attack.
You have a long armoured tail.
You curl defensively after being hit.
You have a pair of small horns on your head.


Message History

You slash the yak! You headbutt the yak.
The yak is moderately wounded.
The yak gores you but does no damage.
You slash the yak!
The yak is severely wounded.
You block the yak's attack.
You slash the yak! You tail-slap the yak.
You kill the yak!
Trog accepts your kill. The steam dragon breathes steam at you.
The ball of steam hits you!
You hear an angry hiss.
You hear a loud, deep croak!
You slash the steam dragon!
The steam dragon is moderately wounded.
You are engulfed in a cloud of scalding steam.
You slice the steam dragon!!
You kill the steam dragon!
Trog accepts your kill.
You are engulfed in a cloud of scalding steam.
You feel a strong urge to attack something.
You are no longer berserk.
You are exhausted.
You feel yourself slow down.
The two-headed ogre shouts in stereo!
The two-headed ogre hits you with a +0 giant club!!
The two-headed ogre hits you with a +0 giant spiked club.
You block the two-headed ogre's attack. x2
The bullfrog gives a loud, deep croak!
The bullfrog hits the plant.
The plant begins to die.
You block the two-headed ogre's attack. x2
The water moccasin hisses angrily.
A nearby plant withers and dies.
You block the two-headed ogre's attack.
The two-headed ogre hits you with a +0 giant spiked club!!
The bullfrog hits you but does no damage.
The bullfrog releases a deep croak.
You see here a yak corpse.
The two-headed ogre hits you with a +0 giant club!!
* * * LOW HITPOINT WARNING * * *
The two-headed ogre hits you with a +0 giant spiked club!!
You die...

#.##.....#########.#.......<...
#.##.##### #.#.#.........
#....######### #.#.#.........
#..#...<.....# ##...##........
.....##.######...................
###. ##........ ................
#.##.....#### ##..##...<.......
#..........####S.##.F..........
#.###'###....†@.# #.#....Y..... #
#.# #...#O#####P.......F... #.#
#.#.......P............
._###.##.#...........§.....
#.###.##.P....PP.....§PP.P. #.#
#.##....P...P......P..P #+#
#.....P.PP..$....P..P..
....PP.P..........P..P.
........PP....>..P.P.P.


You could see a two-headed ogre and a water moccasin.

Vanquished Creatures
  A hydra (D:8)
  A boulder beetle (D:8)
  A centaur warrior (D:8)
  Sigmund (D:2)
  The ghost of CowFu the Slasher, an amateur MiFi (D:4)
  8 yaks (D:9)
  2 steam dragons (D:9)
  Menkaure (D:7)
  A vampire mosquito (D:8)
  2 water moccasins
  2 ogres (D:4)
  A black bear (D:8)
  3 necrophages
  A phantom (D:5)
  4 kobold brigands
  A gnoll sergeant (D:8)
  3 bullfrogs
  2 wyvern zombies
  3 scorpions
  4 killer bees (D:9)
  3 electric eels
  9 wights
  2 centaur zombies
  A bullfrog zombie (D:9)
  2 hounds
  A gnoll shaman (D:6)
  3 orc priests
  3 iguanas
  Terence (D:2)
  5 orc wizards
  A hound skeleton (D:4)
  A howler monkey zombie (D:9)
  21 gnolls
  2 river rats (Sewer)
  8 adders
  2 ufetubi
  2 adder skeletons (D:4)
  5 worms
  2 dart slugs
  12 orcs
  10 bats
  11 endoplasms
  4 giant cockroaches
  9 goblins
  9 hobgoblins
  7 jackals (D:1)
  20 kobolds
  10 quokkas
  11 ball pythons
  5 frilled lizards
  8 rats
  A spectral kobold (D:7)
234 creatures vanquished.

Vanquished Creatures (others)
  A killer bee (D:9)
  18 fungi (D:9)
  37 plants
56 creatures vanquished.

Grand Total: 290 creatures vanquished

Notes
Turn   | Place    | Note
-------+----------+-------------------------------------------
     0 | D:1      | wirefist the Palentonga Berserker began the quest for the
                  | Orb.
     0 | D:1      | Reached XP level 1. HP: 19/19 MP: 1/1
   127 | D:1      | Reached XP level 2. HP: 25/25 MP: 2/2
   161 | D:1      | Found a faded altar of an unknown god.
   478 | D:1      | Reached ** piety under Trog
   484 | D:1      | Reached XP level 3. HP: 29/31 MP: 3/3
  1003 | D:1      | You fall into a shaft and drop 1 floor!
  1316 | D:2      | Noticed Terence
  1322 | D:2      | Killed Terence
  1323 | D:2      | Reached skill level 4 in Long Blades
  1323 | D:2      | Reached XP level 4. HP: 39/39 MP: 4/4
  1691 | D:2      | Reached XP level 5. HP: 29/44 MP: 5/5
  1904 | D:2      | Noticed Sigmund
  1918 | D:2      | Killed Sigmund
  1919 | D:2      | Reached skill level 5 in Long Blades
  1919 | D:2      | Reached XP level 6. HP: 51/51 MP: 6/6
  2174 | D:3      | Found an opulent altar of Gozag.
  3279 | D:4      | Found a glowing drain.
  3285 | D:4      | Reached *** piety under Trog
  3304 | Sewer    | Entered a sewer
  3897 | Sewer    | Reached skill level 6 in Long Blades
  3897 | Sewer    | Gained mutation: You curl defensively after being hit.
                  | [Palentonga growth]
  3897 | Sewer    | Reached XP level 7. HP: 47/58 MP: 7/7
  4294 | Sewer    | Gained mutation: You have a pair of small horns on your
                  | head. [potion of mutation]
  4443 | D:4      | Reached skill level 5 in Fighting
  4443 | D:4      | Reached skill level 1 in Stealth
  4678 | D:4      | Found a sparkling altar of Nemelex Xobeh.
  4776 | D:4      | Found a runed translucent door.
  4781 | D:4      | Noticed CowFu's ghost (amateur MiFi)
  4859 | D:4      | Reached skill level 7 in Long Blades
  4970 | D:4      | Reached **** piety under Trog
  5160 | D:4      | Found a runed translucent door.
  5247 | D:4      | Killed CowFu's ghost
  5248 | D:4      | Reached XP level 8. HP: 67/67 MP: 8/8
  5434 | D:5      | Entered Level 5 of the Dungeon
  5539 | D:5      | Reached skill level 8 in Long Blades
  5747 | D:5      | Found a burning altar of Makhleb.
  5951 | D:5      | Identified the +6 hand axe of Crusades {vorpal, Int+3
                  | Dex+3}
  6492 | D:6      | Reached skill level 9 in Long Blades
  6550 | D:6      | Reached XP level 9. HP: 75/75 MP: 9/9
  6685 | D:6      | Found a hide-covered altar of Uskayaw.
  6867 | D:7      | Reached ***** piety under Trog
  6876 | D:7      | Found a hazy altar of Hepliaklqana.
  6944 | D:7      | Noticed Menkaure
  6952 | D:7      | Killed Menkaure
  7181 | D:7      | Found a glowing golden altar of the Shining One.
  7580 | D:7      | Found a white marble altar of Elyvilon.
  7580 | D:7      | Found a glowing silver altar of Zin.
  7588 | D:7      | Found a faded altar of an unknown god.
  7590 | D:7      | Found a shimmering altar of Xom.
  7592 | D:7      | Found an ancient bone altar of Kikubaaqudgha.
  7664 | D:7      | Found a staircase to the Ecumenical Temple.
  7676 | Temple   | Entered the Ecumenical Temple
  8100 | D:8      | Found Jizeig's Antique Weapon Shop.
  8100 | D:8      | Found Lyhiogio's Weapon Emporium.
  8111 | D:8      | Bought a slimy long sword for 246 gold pieces
  8111 | D:8      | Identified the +6 long sword of Noitz {protect, *Rage rN+++
                  | Will+ rCorr} (You bought it in a shop on level 8 of the
                  | Dungeon)
  8186 | D:8      | Found a stormy altar of Qazlal.
  8301 | D:8      | Found Sutixteo's Armour Shop.
  8306 | D:8      | Bought a +0 kite shield for 72 gold pieces
  8333 | D:8      | Noticed a boulder beetle
  8362 | D:8      | HP: 2/75 [boulder beetle (13)]
  8665 | D:8      | Noticed a centaur warrior
  8672 | D:8      | Killed a centaur warrior
  8673 | D:8      | Reached skill level 10 in Long Blades
  8673 | D:8      | Reached skill level 5 in Dodging
  8673 | D:8      | Reached skill level 1 in Shields
  8725 | D:8      | Noticed a seven-headed hydra
  8735 | D:8      | Killed an 11-headed hydra
  8736 | D:8      | Reached XP level 10. HP: 55/85 MP: 10/10
  8874 | D:8      | Killed a boulder beetle
  8974 | D:8      | Found Gaqumax's Book Shop.
  9109 | D:9      | Reached skill level 11 in Long Blades
  9127 | D:9      | Found a basalt altar of Yredelemnul.
  9273 | D:9      | Found a staircase to the Lair.
  9276 | D:9      | Noticed a two-headed ogre
  9392 | D:9      | Found a broken altar of Ashenzari.
  9446 | D:9      | Mangled by a two-headed ogre

Illustrated notes

Levels and vault maps discovered:
D:1:      shiori_arrival_maze, layout_loops_cross, basic_ecumenical_altar
D:2:      minmay_skewed_foursquare, layout_loops_ring, uniq_sigmund,
          uniq_terence
D:3:      layout_rooms, mainiacjoe_overflow_concentric_impassable,
          chequers_arboretum
D:4:      layout_gridville, nemelex_spade_bored_becter, ebering_ghost_sewer_f,
          gup_sewer_entry_pipe
D:5:      layout_basic, lightli_temple_of_fire, minmay_misc_feat_alley
D:6:      layout_rooms, nicolae_uskayaw_dance_studio, serial_bayou,
          serial_bayou_lagoon_a, serial_bayou_crossing, serial_bayou_pond_e,
          serial_bayou_pond_d
D:7:      layout_loops_ring, nicolae_hepliaklqana_monster_ancestors,
          chequers_temple_overflow_minitemple,
          mainiacjoe_overflow_small_starburst, temple_hall,
          kennysheep_generic_room_12, uniq_menkaure
D:8:      layout_basic, nicolae_qazlal_scattered_showers, serial_shops, shop,
          nicolae_stop_n_shop_1, shop, nicolae_shop_trees, serial_curves,
          eino_curves_04, eino_curves_03, fountainhead, kb_rosetta
D:9:      layout_rooms, lemuel_round_altar, lemuel_doored_altar,
          due_lair_maze_entry_diamond, kennysheep_nub, kennysheep_doodads,
          uniq_erolcha
Temple:   jpeg_temple_island

Skill      XL: |  1  2  3  4  5  6  7  8  9 10 |
---------------+-------------------------------+-----
Long Blades    | 4 5 6 7 9 10 11 | 11.5
Dodging        | 2 3 4 5 6 |  6.4
Fighting       | 4 5 6 7 8 |  8.6
Stealth        | 1 2 |  2.2
Shields        | 2 3 |  3.8
Armour         | |  1.9

Action                   |  1- 3 |  4- 6 |  7- 9 | 10-12 || total
-------------------------+-------+-------+-------+-------++-------
Melee: Falchion          |   102 |   149 |    76 |       ||   327
       Tailslap          |    12 |    22 |    43 |    23 ||   100
       Long sword        |       |    45 |   171 |   117 ||   333
       Headbutt          |       |       |    54 |    32 ||    86
Invok: Berserk           |     3 |     4 |     6 |     1 ||    14
       Trog's Hand       |     1 |     2 |     7 |     1 ||    11
 Abil: Rolling Charge    |    10 |     3 |     4 |     3 ||    20
  Use: Scroll            |       |     7 |     6 |     1 ||    14
       Potion            |       |     4 |     9 |     1 ||    14
 Stab: Sleeping          |       |     1 |     3 |       ||     4
Armor: Animal skin       |    63 |    49 |    87 |    60 ||   259
Dodge: Dodged            |    61 |    81 |   103 |    52 ||   297
Block: Kite shield       |       |       |    14 |    79 ||    93
       Rpst.: Falchion   |    19 |    21 |    13 |       ||    53
       Long sword        |       |    12 |    22 |    16 ||    50

Table legend: (Time is in decaauts)
 A = Elapsed time spent in this place.
 B = Non-inter-level travel time spent in this place.
 C = Inter-level travel time spent in this place.
 D = Time resting spent in this place.
 E = Time spent auto-exploring this place.
 F = Levels seen in this place.
 G = Mean time per level.
                   A        B        C        D        E       F      G
               +--------+--------+--------+--------+--------+-----+--------+
         Total |   9776 |   9395 |    381 |   1479 |   5091 |  11 |  888.7 |
       Dungeon |   8286 |   7922 |    364 |    836 |   4674 |   9 |  920.7 |
        Temple |    260 |    244 |     16 |      0 |    232 |   1 |  260.0 |
         Sewer |   1228 |   1228 |      0 |    643 |    184 |   1 | 1228.0 |
               +--------+--------+--------+--------+--------+-----+--------+

Top non-repeatable levels by time:
     D:4: 1229 daAuts
   Sewer: 1228 daAuts
     D:1: 1184 daAuts
     D:7: 1143 daAuts
     D:2: 1020 daAuts
     D:3: 1003 daAuts
     D:8: 958 daAuts
     D:5: 781 daAuts
     D:6: 615 daAuts
     D:9: 349 daAuts
  Temple: 260 daAuts
